 Seeded DCSS version 0.30-a0-241-g1121274140 (webtiles) character file.

Game seed: 5108871418127027609 (custom seed)

722 Hubris850 the Conjurer (level 7, -12/40 HPs)
             Began as a Tengu Conjurer on Oct 10, 2022.
             Mangled by Duvessa
             ... wielding a +0 short sword
              (13 damage)
             ... on level 4 of the Dungeon.
             The game lasted 00:08:13 (3416 turns).

Hubris850 the Conjurer (Tengu Conjurer)             Turns: 3416, Time: 00:08:14

Health: -12/40     AC: 11    Str: 13    XL:     7   Next: 71%
Magic:  16/23      EV:  7    Int: 25    God:
Gold:   102        SH:  0    Dex: 10    Spells: 11/14 levels left

rFire   . . .      SeeInvis .    p - +10 whip "Moeraraczo" {elec, +Blink rC+ MP+9 Dex-2}
rCold   + . .      Faith    .    (no shield)
rNeg    . . .      Spirit   .    t - +1 chain mail of Mienuetyu {rCorr Str+3 Int+7}
rPois   .          Reflect  .    (helmet restricted)
rElec   .          Harm     .    w - +0 cloak
rCorr   +          Rampage  .    (no gloves)
Will    .....                    (boots unavailable)
Stlth   ..........               (no amulet)
HPRegen 0.26/turn                n - ring of resist corrosion
MPRegen 0.18/turn                (no ring)

@: flying quickly and evasively, quick
A: beak, talons 3, nimble flight
a: Evoke Blink


You were on level 4 of the Dungeon.
You visited 1 branch of the dungeon, and saw 4 of its levels.

You collected 102 gold pieces.

Inventory:

Hand Weapons
 c - a +0 dagger
 d - a +0 short sword
 p - the +10 whip "Moeraraczo" (weapon) {elec, +Blink rC+ MP+9 Dex-2}
   (You found it on level 2 of the Dungeon)

   It occasionally discharges a powerful burst of electricity upon striking a
   foe.
   Dex:       It affects your dexterity (-2).
   rC:        It protects you from cold.
   MP:        It affects your magic capacity (+9).
   +Blink:    It lets you blink.
Missiles
 e - 5 poisoned darts
Armour
 a - a +0 robe
 g - a scarf of resistance
 t - the +1 chain mail of Mienuetyu (worn) {rCorr Str+3 Int+7}
   (You took it off a goblin on level 2 of the Dungeon)

   Str:       It affects your strength (+3).
   Int:       It affects your intelligence (+7).
   rCorr:     It protects you from acid and corrosion.
 w - a +0 cloak (worn)
Jewellery
 n - a ring of resist corrosion (left hand)
Scrolls
 i - a scroll of brand weapon {unknown}
 j - 4 scrolls of identify {unknown}
 m - a scroll of immolation {unknown}
 o - a scroll of amnesia {unknown}
 r - 4 scrolls of noise {unknown}
 v - a scroll of butterflies {unknown}
Potions
 b - a potion of magic
 f - 5 potions of curing {unknown}
 h - a potion of resistance {unknown}
 k - 2 potions of heal wounds {unknown}
 l - a potion of brilliance
 q - a potion of might {unknown}
 s - a potion of mutation {unknown}
 u - a potion of invisibility {unknown}
 x - a potion of degeneration {unknown}


   Skills:
 - Level 2.0 Fighting
 + Level 4.6 Maces & Flails
 - Level 3.0 Armour
 - Level 2.1 Dodging
 - Level 2.0 Stealth
 + Level 4.2 Spellcasting
 + Level 7.5 Conjurations


You had 11 spell levels left.
You knew the following spells:

 Your Spells              Type           Power      Damage    Failure   Level
a - Magic Dart            Conj           100%       1d8       12%         1
b - Searing Ray           Conj           84%        2d7       19%         2

Your spell library contained the following spells:

 Spells                   Type           Power      Damage    Failure   Level
 Dazzling Flash           Conj/Hex       48%        N/A       86%         3
 Beastly Appendage        Tmut           10%        N/A       95%         1
 Sublimation of Blood     Necr           5%         N/A       99%         2
 Wereblood                Tmut           5%         N/A       99%         2
 Fulminant Prism          Conj/Hex       12%        3d9       99%         4
 Iskenderun's Mystic Bla  Conj/Tloc      24%        2d7       99%         4
 Frozen Ramparts          Ice            10%        1d2       100%        3
 Spider Form              Tmut/Pois      5%         N/A       100%        3
 Ice Form                 Ice/Tmut       5%         N/A       100%        4
 Petrify                  Tmut/Erth      5%         N/A       100%        4
 Summon Ice Beast         Ice/Summ       5%         N/A       100%        4
 Irradiate                Conj/Tmut      12%        3d15      100%        5


Dungeon Overview and Level Annotations

Branches:
Dungeon (4/15)
 Temple: D:4-7

Altars:
Sif Muna

Shops:
D:3 !:(!

Annotations:
D:4 Duvessa


Innate Abilities, Weirdness & Mutations

You have a beak for a mouth.
You have claws for feet.
Your magical nature lets you fly swiftly and evasively.


Message History

The magic dart hits Duvessa but does no damage.
Duvessa shouts!
Duvessa goes berserk!
Duvessa rages.
Your magical contamination has completely faded away.
The magic dart hits Duvessa but does no damage.
You hear a shout!
The magic dart hits Duvessa.
Duvessa is lightly wounded.
The magic dart hits Duvessa.
Duvessa is lightly wounded.
You whack Duvessa! You claw Duvessa. You punch Duvessa, but do no damage.
Duvessa is moderately wounded.
Duvessa hits you with a +0 short sword! Duvessa hits you but does no damage.
You hit Duvessa. You claw Duvessa.
Duvessa is moderately wounded.
Duvessa hits you with a +0 short sword.
You closely miss Duvessa. Your kick misses Duvessa.
You peck Duvessa, but do no damage.
Duvessa is moderately wounded.
Duvessa hits you with a +0 short sword!
You are too injured to fight recklessly!
You are too injured to fight recklessly!
You are too injured to fight recklessly!
Unknown command.
Unknown command.
You whack Duvessa! Lightning courses through Duvessa! Your peck misses Duvessa.
Duvessa is severely wounded.
Duvessa hits you with a +0 short sword!
* * * LOW HITPOINT WARNING * * *
Duvessa hits you with a +0 short sword.
* * * LOW HITPOINT WARNING * * *
You hit Duvessa. You peck Duvessa, but do no damage.
Duvessa is severely wounded.
Duvessa hits you with a +0 short sword.
* * * LOW HITPOINT WARNING * * *
You whack Duvessa!
Duvessa is almost dead.
Duvessa hits you with a +0 short sword!
You die...

#.# #.# #.#.# #.###
#.#.# ....# #.#.# ....#
#.#.# ##### ....# #.#.#
#... #
....######.#.###.###.##
......................#!
#...............@e.....#
#######.##†#.###.###....
#.##.#.# #.# # #.##†#.#
#.# #.##.#.# #.#
#†##.#.# #.# #.##....
#.. #.##...< ##. #.##..


You could see Duvessa (berserk).

Vanquished Creatures
  Grinder (D:3)
  A black bear (D:4)
  Dowan (D:4)
  A hound (D:4)
  An orc priest (D:3)
  Crazy Yiuf (D:3)
  2 orc wizards (D:3)
  Natasha (thrice) (D:3)
  7 adders
  4 worms
  3 dart slugs
  6 orcs (D:3)
  3 bats
  8 endoplasms
  3 giant cockroaches (D:2)
  8 goblins
  8 hobgoblins
  11 jackals
  6 kobolds
  2 quokkas
  3 ball pythons
  3 frilled lizards
  5 rats
91 creatures vanquished.

Notes
Turn   | Place    | Note
-------+----------+-------------------------------------------
     0 | D:1      | Hubris850 the Tengu Conjurer began the quest for the Orb.
     0 | D:1      | Reached XP level 1. HP: 10/10 MP: 4/4
   325 | D:1      | Reached skill level 1 in Armour
   380 | D:1      | Reached skill level 1 in Fighting
   380 | D:1      | Reached XP level 2. HP: 16/16 MP: 3/6
  1418 | D:2      | Reached XP level 3. HP: 20/20 MP: 4/7
  1720 | D:2      | Identified the +10 whip "Moeraraczo" {elec, +Blink rC+ MP+9
                  | Dex-2}
  1844 | D:2      | Learned a level 2 spell: Searing Ray
  1958 | D:2      | Reached XP level 4. HP: 26/26 MP: 8/8
  2134 | D:2      | Identified the +1 chain mail of Mienuetyu {rCorr Str+3
                  | Int+7}
  2138 | D:2      | Reached skill level 1 in Maces & Flails
  2282 | D:3      | Found Saiwe's Distillery.
  2288 | D:3      | Noticed Grinder
  2308 | D:3      | Killed Grinder
  2309 | D:3      | Reached skill level 6 in Conjurations
  2309 | D:3      | Gained mutation: Your magical nature lets you fly swiftly
                  | and evasively. [Tengu growth]
  2309 | D:3      | Reached XP level 5. HP: 21/30 MP: 10/10
  2309 | D:3      | Reached XP level 6. HP: 24/35 MP: 11/11
  2434 | D:3      | Found Yplacs's Book Boutique.
  2648 | D:3      | Noticed Natasha
  2659 | D:3      | Killed Natasha
  2733 | D:3      | Noticed Natasha
  2736 | D:3      | Killed Natasha
  2737 | D:3      | Found Zyabi's Distillery.
  2748 | D:3      | Found Dopuhuon's Weapon Boutique.
  2762 | D:3      | Noticed Natasha
  2767 | D:3      | Reached XP level 7. HP: 40/40 MP: 7/13
  2770 | D:3      | Killed Natasha
  2942 | D:3      | Found a shimmering blue altar of Sif Muna.
  3058 | D:3      | Reached skill level 7 in Conjurations
  3171 | D:3      | Found a runed translucent door.
  3172 | D:3      | Noticed Crazy Yiuf
  3179 | D:3      | Killed Crazy Yiuf
  3393 | D:4      | Noticed Dowan
  3402 | D:4      | Killed Dowan
  3406 | D:4      | Noticed Duvessa
  3415 | D:4      | HP: 1/40 [Duvessa/+0 short sword (3)]
  3416 | D:4      | Mangled by Duvessa

Illustrated notes

Levels and vault maps discovered:
D:1:      kennysheep_arrival_seaside, layout_basic
D:2:      layout_basic, minmay_pentomino_w4
D:3:      layout_loops_cross, lemuel_doored_altar, serial_shops, shop,
          nicolae_shop_stone, shop_fountains, nicolae_shop_bloodbath_and_beyond,
          uniq_grinder, uniq_natasha, uniq_crazy_yiuf_cottage
D:4:      layout_loops_ring, serial_shops, shop, shop, nicolae_shop_statue_plus,
          shop_statue, kennysheep_mini, uniq_eustachio, uniq_duvessa

Skill      XL: |  1  2  3  4  5  6  7 |
---------------+----------------------+-----
Armour         | 1 3 |  3.0
Fighting       | 1 2 |  2.0
Maces & Flails | 3 4 |  4.6
Spellcasting   | 3 4 |  4.2
Conjurations   | 6 7 |  7.5
Dodging        | |  2.1
Stealth        | |  2.0

Action                   |  1- 3 |  4- 6 |  7- 9 || total
-------------------------+-------+-------+-------++-------
Melee: Short sword       |     7 |       |       ||     7
       Peck              |     2 |     5 |     4 ||    11
       Kick              |     1 |     7 |    10 ||    18
       Whip              |       |    23 |    55 ||    78
       Punch             |       |       |     1 ||     1
Throw: Dart              |    10 |       |       ||    10
 Cast: Magic Dart        |    75 |    53 |    13 ||   141
Armor: Chain mail        |       |     8 |    28 ||    36
Dodge: Dodged            |     2 |     2 |    11 ||    15

Table legend: (Time is in decaauts)
 A = Elapsed time spent in this place.
 B = Non-inter-level travel time spent in this place.
 C = Inter-level travel time spent in this place.
 D = Time resting spent in this place.
 E = Time spent auto-exploring this place.
 F = Levels seen in this place.
 G = Mean time per level.
                   A        B        C        D        E       F      G
               +--------+--------+--------+--------+--------+-----+--------+
         Total |   3344 |   3223 |    121 |    356 |   2346 |   4 |  836.0 |
       Dungeon |   3344 |   3223 |    121 |    356 |   2346 |   4 |  836.0 |
               +--------+--------+--------+--------+--------+-----+--------+

Top non-repeatable levels by time:
     D:1: 1286 daAuts
     D:2: 972 daAuts
     D:3: 923 daAuts
     D:4: 162 daAuts
